Map: King's Cove LE

Players

Serral - Winner!

  • Race: Zerg Zerg
  • Spawn Location: 5:00

Reynor

  • Race: Zerg Zerg
  • League: Master
  • Spawn Location: 11:00

Event: 2019 WCS Winter Europe

VOD

Have the link to the VOD?

Description

Time

  • Played on: April 7, 2019, 5:03 p.m.
  • Length: 15:42

All games in this series

Show
View Real Time Build Order
Export as new Build Order

Serral Zerg - Winner!

Build Orders: Hatch First 

Get SALT Encoding   

  12  0:00  Drone  
  13  0:12  Overlord  
  13  0:17  Drone  
  14  0:30  Drone x2  
  16  0:49  Hatchery  
  15  0:52  Drone  
  15  0:55  Drone  
  17  0:59  Drone  
  18  1:09  Extractor  
  17  1:14  Spawning Pool  
  17  1:17  Drone  
  17  1:21  Drone  
  18  1:27  Drone  
  19  1:38  Drone  
  20  1:49  Drone  
  21  2:01  Queen x2, Overlord  
  21  2:02  Zergling x2  
  26  2:09  Metabolic Boost  
  26  2:12  Drone  
  26  2:13  Drone  
  28  2:21  Drone  
  28  2:22  Drone  
  30  2:37  Hatchery  
  30  2:39  Drone  
  30  2:41  Drone  
  31  2:47  Zergling x4  
  33  2:54  Baneling Nest  
  33  2:56  Overlord  
  32  2:59  Zergling x2  
  32  3:05  Drone  
  34  3:06  Zergling x2  
  34  3:11  Drone  
  36  3:15  Drone, Overlord  
  37  3:20  Zergling x4  
  37  3:21  Zergling x2  
  37  3:24  Zergling x2  
  40  3:28  Zergling x4  
  42  3:39  Zergling x4  
  42  3:40  Baneling x2  
  44  3:44  Drone x3  
  47  3:50  Baneling x2  
  47  3:51  Overlord  
  47  3:53  Zergling x4  
  49  3:55  Drone  
  49  3:56  Drone  
  49  4:02  Drone  
  50  4:05  Drone  
  50  4:09  Drone  
  51  4:15  Roach Warren  
  49  4:19  Zergling x4  
  49  4:20  Zergling x2  
  49  4:23  Drone x3  
  49  4:24  Drone  
  56  4:28  Extractor  
  56  4:30  Drone x3  
  56  4:33  Overlord  
  55  4:39  Drone x2  
  57  4:46  Overlord  
  57  4:55  Roach x4  
  57  4:57  Roach x2  
  69  5:02  Roach  
  71  5:12  Extractor  
  70  5:15  Drone x2  
  70  5:16  Drone  
  73  5:22  Evolution Chamber  
  73  5:24  Queen  
  73  5:26  Overlord  
  73  5:27  Overlord  
  73  5:28  Overlord  
  74  5:31  Roach x3  
  74  5:33  Overlord x2  
  81  5:36  Overlord  
  81  5:41  Overlord  
  81  5:46  Roach x3  
  86  5:51  Roach x2  
  86  5:55  Roach x2  
  94  6:02  Roach x3  
  100  6:06  Roach  
  100  6:07  Roach  
  100  6:10  Roach  
  105  6:12  Roach  
  107  6:21  Zergling x8  
  107  6:24  Zergling x4  
  112  6:37  Zergling x20  
  121  6:44  Ravager x5  
  126  6:48  Zergling x6  
  128  6:56  Zergling x6  
  128  6:59  Zergling x12  
  120  7:08  Roach x2  
  120  7:09  Queen  
  119  7:16  Roach x3  
  119  7:21  Roach x2  
  123  7:28  Roach  
  123  7:29  Roach x2  
  119  7:39  Roach x5  
  119  7:43  Ravager  
  127  7:46  Zergling x8  
  127  7:47  Zergling x2  
  131  7:54  Zergling x6  
  126  8:00  Zergling x4  
  119  8:06  Zergling x6  
  119  8:11  Evolution Chamber  
  119  8:12  Zergling x6, Ravager  
  124  8:15  Lair  
  124  8:21  Drone x5  
  124  8:23  Drone  
  130  8:28  Overlord  
  130  8:31  Drone x2  
  132  8:39  Pneumatized Carapace, Extractor x2  
  132  8:40  Drone x4  
  135  8:41  Drone  
  135  8:45  Drone x2  
  135  8:46  Ravager x2  
  139  8:50  Overlord  
  139  8:52  Zerg Missile Weapons Level 1  
  139  8:56  Evolution Chamber  
  139  9:00  Drone x2  
  140  9:03  Roach  
  140  9:05  Roach  
  140  9:09  Roach x2  
  148  9:15  Overlord  
  148  9:16  Roach x2  
  151  9:26  Roach  
  151  9:28  Zerg Ground Armor Level 1  
  151  9:30  Overlord x2, Overseer  
  153  9:36  Overlord  
  153  9:38  Overlord  
  153  9:40  Overlord  
  153  9:45  Hydralisk Den  
  153  9:50  Drone x2  
  153  9:51  Queen, Extractor, Hydralisk Den  
  153  9:54  Spore Crawler  
  153  9:55  Spore Crawler x2  
  153  9:56  Drone  
  153  9:58  Drone  
  153  10:04  Queen  
  153  10:06  Queen  
  157  10:14  Drone x3, Hydralisk  
  159  10:16  Hydralisk  
  159  10:20  Hydralisk  
  166  10:21  Hydralisk  
  166  10:28  Hydralisk x2  
  166  10:30  Hydralisk  
  170  10:36  Grooved Spines  
  170  10:39  Hydralisk x2  
  174  10:44  Overlord  
  174  10:45  Hydralisk  
  174  10:49  Overlord  
  176  10:50  Roach  
  175  11:00  Hydralisk x4  
  180  11:09  Zerg Missile Weapons Level 2  
  180  11:10  Overlord  
  179  11:17  Hydralisk x3  
  179  11:18  Roach  
  176  11:31  Roach x7  
  189  11:36  Roach x2  
  193  11:45  Roach x4  
  193  11:47  Muscular Augments  
  193  11:53  Roach x4  
  197  11:55  Ravager x2  
  197  11:58  Glial Reconstitution  
  199  12:03  Zerg Ground Armor Level 2  
  199  12:09  Overlord  
  199  12:11  Overlord  
  195  12:31  Roach x2  
  195  12:35  Roach  
  195  12:36  Roach  
  195  12:37  Roach x2  
  199  12:38  Roach  
  199  12:40  Roach  
  199  12:43  Roach  
  198  12:48  Roach  
  199  12:58  Hydralisk x4  
  193  13:05  Hydralisk x2  
  192  13:13  Ravager  
  192  13:16  Roach x3  
  195  13:29  Roach x4  
  195  13:33  Roach x7  
  192  13:39  Roach  
  182  13:44  Roach  
  184  13:49  Ravager, Hydralisk x2  
  184  13:53  Queen x2  
  193  13:58  Roach x3  
  195  14:05  Roach x2  
  195  14:06  Overseer  
  199  14:22  Hatchery  
  199  14:23  Roach x4  
  196  14:30  Roach x6  
  185  14:41  Roach x5  
  185  14:43  Ravager x3  
  185  14:44  Overseer  
  194  14:51  Roach x3  
  200  14:57  Ravager  
  199  15:04  Roach x4  
  181  15:08  Roach  
  181  15:12  Roach  
  180  15:19  Roach x3  
  178  15:21  Roach  
Show
View Real Time Build Order
Export as new Build Order

Reynor Zerg 

Build Orders: Hatch First 

Get SALT Encoding   

  12  0:00  Drone  
  13  0:12  Overlord  
  13  0:17  Drone  
  14  0:30  Drone x2  
  16  0:49  Hatchery  
  15  0:52  Drone  
  15  0:56  Drone  
  17  0:59  Drone  
  17  1:02  Extractor  
  17  1:16  Spawning Pool  
  16  1:19  Drone  
  16  1:23  Drone  
  18  1:28  Drone  
  19  1:39  Drone  
  20  1:49  Overlord  
  20  2:02  Zergling x2  
  20  2:03  Queen, Zergling x2  
  20  2:06  Queen  
  26  2:11  Metabolic Boost  
  26  2:15  Drone  
  27  2:18  Drone  
  28  2:24  Drone x2  
  30  2:45  Hatchery  
  30  2:47  Drone  
  30  2:48  Drone  
  30  2:49  Drone x2  
  33  2:53  Overlord  
  33  2:56  Drone  
  34  3:04  Zergling x2  
  35  3:06  Zergling x2  
  35  3:12  Zergling x6  
  39  3:17  Zergling x6  
  42  3:20  Zergling x4  
  43  3:28  Roach Warren  
  43  3:29  Zergling x2  
  43  3:32  Overlord  
  43  3:49  Overlord  
  43  3:57  Drone x2  
  43  4:09  Roach x6  
  55  4:11  Zergling x4  
  55  4:15  Queen  
  59  4:18  Roach  
  59  4:20  Zergling x4  
  59  4:23  Roach  
  65  4:27  Overlord  
  65  4:33  Zergling x6  
  65  4:36  Drone  
  63  4:41  Drone x2  
  63  4:44  Drone  
  64  4:49  Drone  
  64  4:50  Drone  
  64  4:51  Drone x2  
  64  4:52  Drone  
  69  4:53  Drone  
  69  4:57  Overlord  
  70  5:01  Drone x2  
  70  5:03  Drone  
  73  5:13  Overlord  
  73  5:19  Roach x4  
  73  5:20  Extractor  
  79  5:21  Extractor  
  79  5:23  Drone x2  
  79  5:26  Overlord  
  80  5:32  Roach x2  
  84  5:37  Drone x2  
  84  5:39  Roach  
  84  5:41  Overlord  
  88  5:55  Zergling x18  
  97  5:58  Overlord  
  97  6:05  Roach  
  97  6:06  Roach x3  
  105  6:11  Overlord  
  105  6:16  Roach x3  
  111  6:23  Overlord  
  111  6:25  Ravager  
  112  6:28  Zergling x2  
  112  6:32  Zergling x14  
  120  6:36  Roach x2  
  121  6:41  Lair  
  121  6:45  Roach x2  
  122  6:47  Zergling x2  
  122  6:55  Roach x3  
  122  6:56  Roach  
  122  6:59  Overlord  
  122  7:01  Zergling x2  
  126  7:07  Zergling x2  
  126  7:08  Zergling x6  
  120  7:11  Roach x2  
  121  7:16  Roach x2  
  120  7:23  Zergling x2, Roach x2  
  120  7:27  Ravager  
  120  7:29  Zergling x4  
  127  7:30  Zergling x2  
  127  7:32  Zergling x2  
  127  7:33  Zergling x2  
  130  7:37  Ravager  
  130  7:38  Zergling x4  
  130  7:40  Zergling x2  
  130  7:49  Queen  
  130  7:51  Zergling x8  
  130  8:04  Zergling x2  
  123  8:08  Spire, Drone x3  
  123  8:09  Drone  
  124  8:14  Drone x3  
  124  8:15  Extractor  
  124  8:16  Drone  
  124  8:18  Drone  
  128  8:21  Drone x2  
  128  8:23  Drone  
  128  8:27  Drone x2  
  132  8:28  Drone  
  132  8:33  Roach x2  
  137  8:39  Overlord  
  137  8:42  Overlord  
  137  8:49  Overlord  
  137  8:53  Overlord  
  137  8:54  Extractor  
  136  9:01  Roach x7  
  150  9:10  Overlord  
  150  9:14  Overlord  
  150  9:21  Extractor  
  148  9:26  Mutalisk x6  
  148  9:31  Queen, Overlord  
  162  9:33  Glial Reconstitution  
  162  9:37  Roach  
  162  9:38  Roach  
  166  9:44  Mutalisk  
  168  9:48  Roach  
  168  9:49  Overlord  
  168  9:50  Roach  
  168  9:51  Roach  
  171  9:55  Roach x2  
  171  9:57  Roach  
  176  10:09  Ravager  
  176  10:10  Roach x4  
  176  10:12  Overlord  
  185  10:21  Overlord  
  183  10:31  Mutalisk x4  
  183  10:34  Roach  
  193  10:41  Roach x3  
  199  10:43  Overlord  
  199  10:52  Evolution Chamber  
  199  10:53  Roach  
  199  10:54  Roach  
  199  10:59  Roach x2  
  198  11:07  Roach x2  
  199  11:12  Nydus Network  
  199  11:16  Roach  
  199  11:24  Roach  
  198  11:28  Zerg Missile Weapons Level 1  
  198  11:32  Ravager x2  
  188  11:48  Roach  
  188  11:49  Roach x5  
  188  11:53  Roach x2  
  188  11:54  Roach  
  197  11:57  Nydus Canal  
  197  11:59  Drone x3  
  200  12:10  Hatchery  
  200  12:12  Nydus Canal  
  188  12:18  Nydus Canal  
  188  12:20  Roach x6  
  186  12:31  Roach  
  186  12:32  Roach x7  
  194  12:47  Roach x3  
  194  12:49  Nydus Canal  
  200  12:53  Roach x2  
  200  12:58  Nydus Canal  
  186  13:00  Drone x3  
  186  13:02  Roach  
  186  13:05  Roach x3  
  197  13:09  Ravager x2  
  195  13:15  Nydus Canal  
  189  13:20  Roach x3  
  189  13:23  Ravager  
  188  13:29  Roach x3  
  164  13:38  Roach x3  
  162  13:41  Roach x2  
  162  13:43  Drone  
  162  13:44  Drone x2  
  162  13:46  Drone  
  166  13:49  Roach  
  166  13:50  Ravager  
  166  13:54  Drone  
  166  13:55  Drone x2  
  172  13:58  Roach  
  174  14:08  Drone  
  176  14:10  Ravager  
  176  14:11  Roach x5  
  184  14:22  Roach x5  
  179  14:31  Roach x5  
  161  14:32  Ravager  
  161  14:33  Ravager  
  161  14:36  Roach x2  
  159  14:39  Roach  
  159  14:42  Roach x2  
  159  14:44  Ravager  
  166  14:47  Roach x2  
  166  14:48  Ravager  
  166  14:52  Roach x2  
  175  14:59  Roach x3  
  163  15:05  Roach x3  
  143  15:10  Roach x3  
  136  15:15  Roach x2  
Tags
 
Add a new tag
Caveats
  • Supply blocks, unpowered buildings, or Contaminate may cause inaccurate times.
  • Supply counts are checked every 10 seconds.